 Dungeon Crawl Stone Soup version 0.30-a0-986-g7f2e898f52 (webtiles) character file.

Game seed: 15007149299736317548

212 DeathPants the Chopper (level 5, 0/24 (28) HPs)
             Began as a Vine Stalker Reaver on Apr 1, 2023.
             Succumbed to a water moccasin's poison
             ... on level 3 of the Dungeon.
             The game lasted 00:07:54 (2014 turns).

DeathPants the Chopper (Vine Stalker Reaver)        Turns: 2014, Time: 00:07:55

HP:   0/24 (28)     AC:  5    Str: 22    XL:     5   Next: 90%
MP:   3/11          EV: 11    Int: 13    God:
Gold: 191           SH:  0    Dex: 12    Spells: 7/11 levels left

rFire   . . .      SeeInvis .    a - +1 hand axe
rCold   . . .      Faith    .    (no shield)
rNeg    . . .      Spirit   +    b - +1 leather armour
rPois   .          Reflect  .    (no helmet)
rElec   .          Rampage  .    c - +0 cloak
rCorr   +                        (no gloves)
Will    +....                    (no boots)
Stlth   +                        p - amulet "Toghuu" {Acrobat Fragile rCorr Str+5}
HPRegen 1.04/turn                g - ring of willpower
MPRegen 0.12/turn                (no ring)

@: lethally poisoned (0 -> -3), heavily drained
A: fangs 2, regeneration 1, magic shield, antimagic bite, no potion heal 2
a: no special abilities


You were on level 3 of the Dungeon.
You visited 1 branch of the dungeon, and saw 4 of its levels.

You collected 191 gold pieces.

Inventory:

Hand Weapons
 a - a +1 hand axe (weapon)
Missiles
 l - 2 poisoned darts
 u - 4 boomerangs
Armour
 b - a +1 leather armour (worn)
 c - a +0 cloak (worn)
 h - a scarf of repulsion
 q - an orb of guile
Magical Staves
 r - a staff of death
Jewellery
 g - a ring of willpower (left hand)
 p - the amulet "Toghuu" (around neck) {Acrobat Fragile rCorr Str+5}
   (You found it on level 2 of the Dungeon)

   [amulet of the acrobat]

   It increases your evasion while moving and waiting.
   Str:       It affects your strength (+5).
   rCorr:     It protects you from acid and corrosion.
   Fragile:   It will be destroyed if unequipped.
Scrolls
 i - a scroll of immolation
 j - a scroll of enchant weapon
Potions
 d - a potion of berserk rage {unknown}
 e - 4 potions of attraction
 f - 3 potions of curing {unknown}
 k - 2 potions of lignification {unknown}
 s - a potion of degeneration {unknown}


   Skills:
 + Level 3.0 Fighting
 + Level 3.7 Axes
 - Level 1.5 Dodging
 + Level 3.5 Spellcasting
 - Level 3.0 Conjurations
 + Level 0.0 Hexes
 + Level 2.4 Necromancy


You had 7 spell levels left.
You knew the following spells:

 Your Spells              Type           Power      Damage    Failure   Level
a - Kiss of Death         Conj/Necr      36%        2d8       9%          1
b - Tukima's Dance        Hex            2%         N/A       58%         3

Your spell library contained the following spells:

 Spells                   Type           Power      Damage    Failure   Level
 Sublimation of Blood     Necr           8%         N/A       14%         2
 Momentum Strike          Conj/Tloc      12%        3d8       21%         2
 Wereblood                Tmut           2%         N/A       36%         2
 Hailstorm                Conj/Ice       6%         3d4       38%         3
 Gell's Gravitas          Tloc           2%         N/A       58%         3
 Teleport Other           Tloc           2%         N/A       58%         3
 Vhi's Electric Charge    Tloc/Air       4%         N/A       58%         3
 Passage of Golubria      Tloc           2%         N/A       94%         4
 Arcjolt                  Conj/Air       3%         1d13      98%         5
 Yara's Violent Unravell  Hex/Tmut       1%         3d3       100%        5
 Dispersal                Tloc           1%         N/A       100%        6
 Summon Hydra             Summ           1%         N/A       100%        7
 Maxwell's Capacitive Co  Air            1%         ∞         100%        8


Dungeon Overview and Level Annotations

Branches:
Dungeon (4/15)
 Temple: D:4-7

Altars:


Innate Abilities, Weirdness & Mutations

You have extremely sharp teeth.
Your natural rate of healing is unusually fast.
When hurt, damage is shared between your health and your magic reserves.
Your bite disrupts and absorbs the magic of your enemies.
Potions cannot restore your health.


Message History

The water moccasin poisons you! The water moccasin bites you.
Aiming: Kiss of Death (safe; 9% risk of failure)
Press: ? - help, Q - select action, (/) - cycle Shift-Dir - straight line, f - water moccasin
Aim: a water moccasin (lightly wounded, 100% to hit)
The negative energy hits the water moccasin.
The water moccasin is drained!
The water moccasin is moderately wounded.
You feel drained.
You feel very sick.
The water moccasin bites you but does no damage.
You hit the water moccasin. Your bite misses the water moccasin.
The water moccasin is heavily wounded.
You feel very sick. The water moccasin bites you. x2
You are more poisoned.
The water moccasin poisons you!
You miss the water moccasin. Your bite misses the water moccasin.
The water moccasin is heavily wounded.
You feel very sick. The water moccasin barely misses you.
You hit the water moccasin.
The water moccasin is heavily wounded.
You hit the quokka.
* * * LOW HITPOINT WARNING * * *
You feel very sick.
The water moccasin bites you but does no damage.
The quokka barely misses you. The quokka closely misses you.
The water moccasin closely misses you.
You hit the water moccasin. Your bite misses the water moccasin.
The water moccasin is heavily wounded.
You hit the quokka.
* * * LOW HITPOINT WARNING * * *
You feel very sick. The water moccasin bites you!
* * * LOW HITPOINT WARNING * * *
The quokka closely misses you.
You miss the water moccasin. Your bite misses the water moccasin.
The water moccasin is heavily wounded.
You hit the quokka.
You die...

#..........
##...........
#.........#.#.
###............
#........#...#
#####'#.......#..#
#####..........rS..#.#
...##......<....@...#
.................####
###.##..............#
#...).............#
###.....#.........#
#####....######## .
####..### .. ##...#
####.. ###.# #...


You could see a water moccasin (drained) and a quokka.

Vanquished Creatures
  An ogre (D:3)
  3 gnolls
  2 adders
  An adder zombie (D:2)
  A worm (D:2)
  A dart slug (D:4)
  An orc (D:3)
  6 endoplasms
  2 giant cockroaches
  9 goblins
  3 hobgoblins
  7 jackals
  2 kobolds
  A quokka (D:2)
  5 ball pythons
  3 ball python skeletons (D:2)
  2 ball python zombies (D:2)
  8 bats
  2 frilled lizards
  2 jackal skeletons (D:2)
  3 quokka skeletons (D:2)
  4 rats
69 creatures vanquished.

Vanquished Creatures (others)
  16 plants (D:2)
  4 withered plants (D:2)
20 creatures vanquished.

Grand Total: 89 creatures vanquished

Notes
Turn   | Place    | Note
-------+----------+-------------------------------------------
     0 | D:1      | DeathPants the Vine Stalker Reaver began the quest for the
                  | Orb.
     0 | D:1      | Reached XP level 1. HP: 11/11 MP: 4/4
   196 | D:2      | Reached XP level 2. HP: 11/15 MP: 4/6
   417 | D:1      | Reached skill level 1 in Necromancy
   536 | D:2      | Reached XP level 3. HP: 16/18 MP: 5/7
   885 | D:2      | Identified the amulet "Toghuu" {Acrobat Fragile rCorr
                  | Str+5}
   953 | D:2      | Found a faded altar of an unknown god.
  1025 | D:2      | Gained mutation: Your natural rate of healing is unusually
                  | fast. [Vine Stalker growth]
  1025 | D:2      | Reached XP level 4. HP: 11/23 MP: 4/9
  1704 | D:4      | Noticed an ogre
  1719 | D:3      | Killed an ogre
  1720 | D:3      | Reached XP level 5. HP: 16/28 MP: 8/11
  1989 | D:3      | Learned a level 3 spell: Tukima's Dance
  2004 | D:3      | Noticed a water moccasin
  2014 | D:3      | Succumbed to a water moccasin's poison

Illustrated notes

Levels and vault maps discovered:
D:1:      dpeg_arrival_three_same_balls, layout_basic, minmay_domino_2
D:2:      layout_basic, hellmonk_ecumenical_altar_lost_god, serial_undead,
          serial_undead_b, serial_undead_b, serial_undead_a, serial_undead_d,
          serial_undead_e, serial_undead_e, serial_undead_c, serial_undead_f,
          serial_undead_c, serial_undead_b, nicolae_grassy_gnolls
D:3:      layout_basic, grunt_decor_resistance, hangedman_decor_diamond_cutter
D:4:      layout_layer_cave, nrook_mini_vaults, goddamned_bats

Skill      XL: |  1  2  3  4 |
---------------+-------------+-----
Fighting       | 2 3 |  3.0
Necromancy     | 1 2 |  2.4
Axes           | 3 |  3.7
Spellcasting   | 3 |  3.5
Dodging        | |  1.5
Conjurations   | |  3.0

Action                     |  1- 3 |  4- 6 || total
---------------------------+-------+-------++-------
  Melee: Hand axe          |   112 |    78 ||   190
         Bite              |    24 |    25 ||    49
   Cast: Kiss of Death     |       |     2 ||     2
    Use: Scroll            |       |    10 ||    10
 Armour: Leather armour    |    40 |    13 ||    53
  Dodge: Dodged            |    85 |    80 ||   165

Table legend: (Time is in decaauts)
 A = Elapsed time spent in this place.
 B = Non-inter-level travel time spent in this place.
 C = Inter-level travel time spent in this place.
 D = Time resting spent in this place.
 E = Time spent auto-exploring this place.
 F = Levels seen in this place.
 G = Mean time per level.
                   A        B        C        D        E       F      G
               +--------+--------+--------+--------+--------+-----+--------+
         Total |   2046 |   2029 |     17 |    122 |   1145 |   4 |  511.5 |
       Dungeon |   2046 |   2029 |     17 |    122 |   1145 |   4 |  511.5 |
               +--------+--------+--------+--------+--------+-----+--------+

Top non-repeatable levels by time:
     D:1: 799 daAuts
     D:2: 686 daAuts
     D:3: 514 daAuts
     D:4: 46 daAuts
